 Dungeon Sprint DCSS version 0.30.0-5-g1a98f26d00 (webtiles) character file.

Game seed: 13095301601963635732

18001 EarthwalkerPL the Warrior (level 12, -2/127 HPs)
             Began as a Minotaur Fighter on May 11, 2023.
             Was the Champion of Makhleb.
             Slain by a fire dragon (4 damage)
             ... in the Dungeon (Sprint V: "Ziggurat Sprint").
             The game lasted 00:10:19 (690 turns).

EarthwalkerPL the Warrior (Minotaur Fighter)         Turns: 690, Time: 00:10:19

Health: -2/127     AC: 31    Str: 31    XL:     12   Next: 23%
Magic:  20/20      EV: 12    Int:  5    God:    Makhleb [******]
Gold:   0          SH: 30    Dex: 11    Spells: 11/11 levels left

rFire   . . .        I - +16 obsidian axe {drain, demonic, Mesm Drain Fly SInv}
rCold   . . .        H - +18 shield of the Gong {Loud rN+ Will+ rCorr EV-5}
rNeg    + . .        G - +15 Maxwell's patent armour {-Cast -Tele rElec Will+ rCorr}
rPois   .            M - +0 mask of the Dragon {Will+ Slay+3 SInv}
rElec   +            (no cloak)
rCorr   +            (no gloves)
SInv    +            (no boots)
Will    +++..        K - amulet of the acrobat
Stlth   x              - +6 ring of strength
HPRegen 0.41/turn    b - +5 ring of evasion
MPRegen 0.17/turn

%: no teleportation, no spellcasting, acrobat
@: lethally poisoned (-2 -> -4), flying, mesmerised, slowed, very slow
A: horns 2, retaliatory headbutt
a: Renounce Religion, Minor Destruction, Lesser Servant of Makhleb, Major
Destruction, Greater Servant of Makhleb


You were in the Dungeon.
You worshipped Makhleb.
Makhleb was exalted by your worship.
You visited 1 branch

Inventory:

Hand Weapons
 a - the +4 scimitar of Victory {flame, rElec rF+ rN++ Will+}
   (You found it in the Dungeon)

   rF:        It protects you from fire.
   rElec:     It insulates you from electricity.
   rN:        It greatly protects you from negative energy.
   Will:      It increases your willpower.
 F - a +5 broad axe of draining
 I - the +16 obsidian axe (weapon) {drain, demonic, Mesm Drain Fly SInv}
   (You found it in the Dungeon)

   Mesm:      Its wielder is mesmerised by any visible foes, and it cannot be
   unequipped while any foes are visible.
   SInv:      It lets you see invisible.
   Fly:       It grants you flight.
   Drain:     It drains your maximum health when unequipped.
 J - the +6 shillelagh "Devastator" {shatter}
   (You found it in the Dungeon)
Armour
 C - a +5 crystal plate armour
 D - a +3 kite shield
 E - a +3 tower shield
 G - the +15 Maxwell's patent armour (worn) {-Cast -Tele rElec Will+ rCorr}
   (You found it in the Dungeon)

   rElec:     It insulates you from electricity.
   -Cast:     It prevents spellcasting.
   -Tele:     It prevents most forms of teleportation.
   rCorr:     It protects you from acid and corrosion.
   Will:      It increases your willpower.
 H - the +18 shield of the Gong (worn) {Loud rN+ Will+ rCorr EV-5}
   (You found it in the Dungeon)

   Loud:      It is deafeningly noisy when blocking attacks.
   EV:        It affects your evasion (-5).
   rN:        It protects you from negative energy.
   rCorr:     It protects you from acid and corrosion.
   Will:      It increases your willpower.
 M - the +0 mask of the Dragon (worn) {Will+ Slay+3 SInv}
   (You found it in the Dungeon)

   Slay:      It affects your accuracy & damage with ranged weapons and melee
   (+3).
   SInv:      It lets you see invisible.
   Will:      It increases your willpower.
Jewellery
 b - a +5 ring of evasion (right hand)
 c - a +4 ring of slaying
 n - the ring "Feikijiqa" {*Corrode Will+ Str+3 Slay+3 SInv}
   (You found it in the Dungeon)

   [ring of willpower]

   Str:       It affects your strength (+3).
   Slay:      It affects your accuracy & damage with ranged weapons and melee
   (+3).
   SInv:      It lets you see invisible.
   *Corrode:  It may corrode you when you take damage.
   Will:      It increases your willpower.
 s - a ring of flight
 t - a +6 ring of dexterity
 u - a +6 ring of dexterity
 v - a +6 ring of intelligence
 w - a +6 ring of intelligence
 x - a +6 ring of strength (left hand)
 y - a +6 ring of strength
 K - an amulet of the acrobat (around neck)
 P - a ring of resist corrosion
 Q - a ring of protection from fire
Wands
 z - a wand of flame (40)
 A - a wand of mindburst (16)
 B - a wand of acid (9)
 L - a wand of digging (13)
 N - a wand of charming (7)
 O - a wand of roots (7)
Scrolls
 j - 4 scrolls of blinking
 o - 4 scrolls of amnesia
 p - 8 scrolls of fog
 q - 5 scrolls of identify
 r - 2 scrolls of fear
Potions
 d - 6 potions of might
 e - 10 potions of curing
 f - 10 potions of heal wounds
 g - 6 potions of haste
 h - 7 potions of magic
 i - 3 potions of berserk rage
 k - 2 potions of brilliance
 l - 2 potions of invisibility
 m - 4 potions of resistance


   Skills:
 * Level 18.0 Fighting
 * Level 17.5 Axes
 * Level 14.3 Armour
 * Level 14.1 Dodging
 * Level 14.1 Shields
 * Level 13.0 Invocations


You had 11 spell levels left.
You didn't know any spells.
Your spell library contained the following spells:

 Spells                   Type           Power      Damage    Failure   Level
 Beastly Appendage        Tmut           0%         N/A       99%         1
 Freeze                   Ice            0%         1d3       99%         1
 Kiss of Death            Conj/Necr      0%         2d5       99%         1
 Necrotise                Necr           0%         1d4       99%         1
 Shock                    Conj/Air       0%         1d3       99%         1
 Blink                    Tloc           0%         N/A       99%         2
 Wereblood                Tmut           0%         N/A       99%         2
 Spider Form              Tmut/Pois      0%         N/A       100%        3
 Vampiric Draining        Necr           0%         2d6       100%        3
 Anguish                  Hex/Necr       0%         N/A       100%        4
 Leda's Liquefaction      Hex/Erth       0%         N/A       100%        4
 Agony                    Necr           0%         N/A       100%        5
 Lee's Rapid Deconstruct  Erth           0%         3d4*      100%        5
 Summon Forest            Summ/Tloc      0%         N/A       100%        5
 Statue Form              Tmut/Erth      0%         N/A       100%        6


Dungeon Overview and Level Annotations

Branches:
Dungeon (1/1)

Altars:
Ashenzari
Cheibriados
Dithmenos
Elyvilon
Fedhas
Gozag
Hepliaklqana
Kikubaaqudgha
Makhleb
Nemelex Xobeh
Okawaru
Qazlal
Ru
Sif Muna
Trog
Uskayaw
Vehumet
Wu Jian
Xom
Yredelemnul
Zin
The Shining One
Jiyva
Lugonu


Innate Abilities, Weirdness & Mutations

You have a pair of horns on your head.
You reflexively headbutt those who attack you in melee.


Message History

The acid dragon spits acid at you. The splash of acid hits you! You resist.
* * * LOW HITPOINT WARNING * * *
The fire dragon breathes flames at you. The blast of flame hits you!
* * * LOW HITPOINT WARNING * * *
You hit the death drake. You open a gate to Pandemonium!
A demon appears!
Your headbutt misses the death drake.
The death drake is moderately wounded.
You barely miss the fire dragon. You closely miss the death drake.
Visions of slaying the fire dragon flood into your mind.
You feel sick. You block the death drake's attack.
PTOANNNG!
You block the death drake's attack.
GONNNNG!
You block the fire dragon's attack.
PANG!
You block the fire dragon's attack.
PANG!
The fire dragon tramples you.
* * * LOW HITPOINT WARNING * * *
You hold your ground!
The death drake closely misses you. You block the death drake's attack.
PANG!
You slash the fire dragon!
The fire dragon is lightly wounded.
You slash the death drake! You drain the death drake.
You slash the fire dragon! You open a gate to Pandemonium!
A demon appears!
You slice the death drake!! You drain the death drake!
Visions of slaying the death drake flood into your mind.
You feel sick.
Your sixfirhy barely misses the death drake.
You block the death drake's attack.
GONNNNG!
The fire dragon breathes flames at you. The blast of flame hits you!
* * * LOW HITPOINT WARNING * * *
The fire dragon bites you but does no damage.
The fire dragon claws you.
You die...

▓...|.|...▓..
▓..)==::..▓.........▓..
▓.........▓.........▓..
▓.........▓.........▓..
▓.........▓.........▓..
▓.........▓.))))....▓..
▓....4DDD.▓.).).....▓.▓
▓.▓.3kDk▓.▓...).....▓..
▓....©@D..▓....©....▓▓▓
▓▓▓▓▓▓▓▓▓▓▓▓▓▓▓▓▓▓▓▓▓


You could see 3 fire dragons, 2 death drakes, a steam dragon (misshapen), an
acid dragon, a friendly sixfirhy (summoned) and a friendly chaos spawn
(summoned).

Vanquished Creatures
  A very ugly thing (D)
  An ironbound preserver (D)
  A deep elf high priest (D)
  4 vault guards (D)
  2 dancing weapons (D)
  3 two-headed ogres (D)
  A deep elf knight (D)
  A death drake (D)
  3 deep elf pyromancers (D)
  2 deep elf zephyrmancers (D)
  An ironbound convoker (D)
  A cyclops (D)
  4 toenail golems (D)
  A vault sentinel (D)
  A naga mage (D)
  An ancient zyme (D)
  A troll (D)
  An air elemental (D)
  A golden eye (D)
  A steam dragon (D)
  A human (shapeshifter) (D)
  A naga (D)
  A swamp drake (D)
  3 ogres (D)
  An orc warrior (D)
  A wolf (D)
  A bullfrog (D)
  A crimson imp (D)
  An orc priest (D)
  2 jellies (D)
  An adder (D)
  A river rat (D)
  A shadow imp (D)
  An adder skeleton (D)
  An adder zombie (D)
  A ball python (D)
  A ball python skeleton (D)
52 creatures vanquished.

Vanquished Creatures (collateral kills)
  A deep elf annihilator (D)
  A swamp dragon (D)
  3 deep elf pyromancers (D)
  A naga (D)
  An ogre (D)
  2 jellies (D)
  An orc priest (D)
  An orc wizard (D)
  2 orcs (D)
  2 endoplasms (D)
  A ball python (D)
16 creatures vanquished.

Grand Total: 68 creatures vanquished

Notes
Turn   | Place    | Note
-------+----------+-------------------------------------------
     0 | D        | EarthwalkerPL the Minotaur Fighter began the quest for the
                  | Orb.
     0 | D        | Reached XP level 1. HP: 19/19 MP: 0/0
     0 | D        | Found a shimmering blue altar of Sif Muna.
     0 | D        | Found a sacrificial altar of Ru.
     0 | D        | Found a bloodstained altar of Trog.
     0 | D        | Found a stormy altar of Qazlal.
     0 | D        | Found an iron altar of Okawaru.
     0 | D        | Found a sparkling altar of Nemelex Xobeh.
     0 | D        | Found a blossoming altar of Fedhas.
     0 | D        | Found the +6 Majin-Bo {spellvamp, MP+6 Int+6}
     0 | D        | Found the +27 heavy crossbow "Sniper" {heavy, Acc+∞ SInv}
     0 | D        | Found the +10 dark maul {heavy}
     0 | D        | Found the +15 Maxwell's patent armour {-Cast -Tele rElec
                  | Will+ rCorr}
     0 | D        | Found the +18 shield of the Gong {Loud rN+ Will+ rCorr
                  | EV-5}
     0 | D        | Found the +16 obsidian axe {drain, demonic, Mesm Drain Fly
                  | SInv}
     0 | D        | Found the +7 great mace "Firestarter" {flame, immolate,
                  | rFlCloud rF++}
     0 | D        | Found the +6 shillelagh "Devastator" {shatter}
     0 | D        | Found the +11 plutonium sword {Contam Stlth-}
     0 | D        | Found the +8 lance "Wyrmbane" {slay drac, rPois rF+ rC+
                  | AC+3}
     0 | D        | Found the +9 sword of Zonguldrok {reap}
     0 | D        | Found the +13 scythe of Curses {drain, curses, Drain}
     0 | D        | Found the +9 sword of Power {lifebolt}
     0 | D        | Found the +7 mace of Variability {chaos, chaos arc}
     0 | D        | Found the +11 Singing Sword {sonic wave}
     0 | D        | Found the +8 storm bow {elec, penet}
     2 | D        | Found a transporter.
     2 | D        | Found an ancient bone altar of Kikubaaqudgha.
     2 | D        | Found a viscous altar of Jiyva.
     2 | D        | Found a corrupted altar of Lugonu.
     2 | D        | Found a hazy altar of Hepliaklqana.
     2 | D        | Found a burning altar of Makhleb.
     2 | D        | Found an opulent altar of Gozag.
    44 | D        | Reached skill level 6 in Fighting
    44 | D        | Reached XP level 2. HP: 30/30 MP: 1/1
    53 | D        | Became a worshipper of Makhleb the Destroyer
    87 | D        | Entered arena 2.
    87 | D        | Noticed an ancient zyme
    87 | D        | Noticed a crimson imp
    87 | D        | Found a transporter.
    89 | D        | Killed a crimson imp
    90 | D        | Reached XP level 3. HP: 38/38 MP: 2/2
    91 | D        | Killed an ancient zyme
    91 | D        | Reached * piety under Makhleb
    92 | D        | Reached skill level 9 in Fighting
    92 | D        | Reached XP level 4. HP: 28/50 MP: 3/3
    92 | D        | Reached XP level 5. HP: 32/57 MP: 4/4
    99 | D        | Got the +4 scimitar of Victory {flame, rElec rF+ rN++
                  | Will+}
   237 | D        | Entered arena 3.
   237 | D        | Noticed a wolf
   237 | D        | Found a transporter.
   239 | D        | Killed a wolf
   240 | D        | Reached XP level 6. HP: 66/66 MP: 5/5
   242 | D        | Reached skill level 10 in Fighting
   249 | D        | Got Even Initiates Can Use Spellwork!
   259 | D        | Entered arena 4.
   259 | D        | Found a transporter.
   262 | D        | Reached ** piety under Makhleb
   265 | D        | Reached *** piety under Makhleb
   278 | D        | Entered arena 5.
   278 | D        | Noticed a toenail golem
   278 | D        | Noticed a toenail golem
   278 | D        | Noticed a toenail golem
   278 | D        | Noticed a toenail golem
   278 | D        | Found a transporter.
   285 | D        | Killed a toenail golem
   286 | D        | Reached skill level 11 in Fighting
   286 | D        | Reached skill level 10 in Axes
   286 | D        | Reached XP level 7. HP: 66/74 MP: 5/8
   287 | D        | Killed a toenail golem
   287 | D        | Killed a toenail golem
   288 | D        | Reached skill level 12 in Fighting
   288 | D        | Reached skill level 10 in Armour
   288 | D        | Reached skill level 5 in Dodging
   288 | D        | Reached skill level 10 in Shields
   288 | D        | Reached skill level 5 in Invocations
   288 | D        | Reached XP level 8. HP: 83/83 MP: 5/10
   288 | D        | Killed a toenail golem
   288 | D        | Reached **** piety under Makhleb
   305 | D        | Entered arena 6.
   305 | D        | Noticed a deep elf pyromancer
   305 | D        | Noticed a deep elf pyromancer
   305 | D        | Noticed a deep elf zephyrmancer
   305 | D        | Noticed a deep elf pyromancer
   305 | D        | Noticed a deep elf pyromancer
   305 | D        | Found a transporter.
   307 | D        | Killed a deep elf pyromancer
   308 | D        | Reached XP level 9. HP: 92/92 MP: 7/12
   309 | D        | Killed a deep elf pyromancer
   309 | D        | Killed a deep elf zephyrmancer
   310 | D        | Reached skill level 13 in Fighting
   312 | D        | Killed a deep elf pyromancer
   312 | D        | Reached ***** piety under Makhleb
   313 | D        | Killed a deep elf pyromancer
   314 | D        | Reached skill level 14 in Fighting
   314 | D        | Reached XP level 10. HP: 94/103 MP: 8/15
   323 | D        | Got the ring "Feikijiqa" {*Corrode Will+ Str+3 Slay+3 SInv}
   327 | D        | Entered arena 7.
   327 | D        | Found the +0 mask of the Dragon {Will+ Slay+3 SInv}
   328 | D        | Found a transporter.
   348 | D        | Entered arena 8.
   348 | D        | Found the +6 arbalest "Damnation" {damnation}
   348 | D        | Noticed a naga mage
   349 | D        | Found a transporter.
   352 | D        | Reached ****** piety under Makhleb
   354 | D        | Killed a naga mage
   368 | D        | Entered arena 9.
   369 | D        | Found a transporter.
   412 | D        | Entered arena 10.
   412 | D        | Noticed a vault guard
   412 | D        | Noticed a vault guard
   412 | D        | Noticed an ironbound preserver
   412 | D        | Noticed a vault guard
   412 | D        | Noticed an ironbound convoker
   412 | D        | Noticed a vault sentinel
   412 | D        | Noticed a vault guard
   412 | D        | Noticed a white very ugly thing
   413 | D        | Found a transporter.
   420 | D        | Killed an ironbound preserver
   421 | D        | Reached skill level 10 in Dodging
   423 | D        | Noticed a smoke demon
   424 | D        | Killed a vault sentinel
   424 | D        | Killed a vault guard
   424 | D        | Killed a white very ugly thing
   425 | D        | Reached skill level 15 in Fighting
   425 | D        | Reached skill level 15 in Axes
   425 | D        | Reached skill level 10 in Invocations
   425 | D        | Killed an ironbound convoker
   426 | D        | Reached XP level 11. HP: 114/114 MP: 15/17
   427 | D        | Killed a vault guard
   429 | D        | Killed a vault guard
   430 | D        | Reached skill level 16 in Fighting
   432 | D        | Killed a vault guard
   447 | D        | Entered arena 11.
   447 | D        | Noticed a two-headed ogre
   447 | D        | Noticed a two-headed ogre
   447 | D        | Noticed a two-headed ogre
   448 | D        | Found a transporter.
   453 | D        | Killed a two-headed ogre
   454 | D        | Killed a two-headed ogre
   457 | D        | Killed a two-headed ogre
   473 | D        | Got the Precepts of Ghoulish Wanderlust
   483 | D        | Entered arena 12.
   483 | D        | Noticed a deep elf annihilator
   483 | D        | Noticed an entropy weaver
   483 | D        | Noticed a deep elf high priest
   483 | D        | Noticed a +4 mace of protection
   483 | D        | Noticed a deep elf zephyrmancer
   483 | D        | Noticed a deep elf knight
   484 | D        | Noticed a deep elf pyromancer
   484 | D        | Noticed a deep elf pyromancer
   484 | D        | Noticed a +2 short sword of speed
   485 | D        | Found a transporter.
   486 | D        | an entropy weaver changed into a human
   487 | D        | Paralysed by an air elemental for 1 turns
   491 | D        | Killed a deep elf zephyrmancer
   492 | D        | Killed a deep elf high priest
   493 | D        | Reached skill level 17 in Fighting
   493 | D        | Killed a +4 mace of protection
   494 | D        | Killed a +2 short sword of speed
   494 | D        | Killed a deep elf knight
   498 | D        | Killed a deep elf annihilator
   499 | D        | Reached XP level 12. HP: 60/127 MP: 18/20
   676 | D        | Entered arena 13.
   676 | D        | Noticed a fire dragon
   676 | D        | Noticed a fire dragon
   678 | D        | Noticed a fire dragon
   686 | D        | Reached skill level 18 in Fighting
   690 | D        | HP: 2/127 [fire dragon/blast of flame (16)]
   690 | D        | Slain by a fire dragon

Illustrated notes

Levels and vault maps discovered:
D:        sprint_v [room_start, room_1, room_2, room_3, room_4, room_5, room_6,
          room_7, room_8, room_9, room_10, room_11, room_12, room_13, room_14,
          room_15, room_16, room_17, room_18, room_19, room_20, room_21,
          room_22, room_23, room_24, room_25, room_26, room_27]

Skill      XL: |  1  2  3  4  5  6  7  8  9 10 11 12 |
---------------+-------------------------------------+-----
Fighting       | 6 9 11 12 14 15 17 18 | 18.0
Axes           | 7 8 9 10 11 12 13 15 17 | 17.5
Armour         | 4 8 9 10 11 12 14 | 14.3
Shields        | 4 7 8 9 10 11 12 13 14 | 14.1
Dodging        | 3 5 7 9 11 13 14 | 14.1
Invocations    | 3 5 6 8 10 12 13 | 13.0

Action                     |  1- 3 |  4- 6 |  7- 9 | 10-12 || total
---------------------------+-------+-------+-------+-------++-------
  Melee: Broad axe         |     3 |    14 |     9 |    61 ||    87
         Headbutt          |     1 |     1 |     2 |    11 ||    15
 Invoke: Greater Servant o |       |       |       |     1 ||     1
    Use: Potion            |     1 |       |       |       ||     1
         Scroll            |       |       |     1 |       ||     1
   Stab: Distracted        |       |       |     2 |     2 ||     4
 Armour: Plate armour      |     3 |     8 |     2 |    34 ||    47
  Dodge: Dodged            |     1 |     7 |    10 |    26 ||    44
  Block: Kite shield       |       |     9 |    12 |    98 ||   119
